 Dungeon Crawl Stone Soup version 0.20.0-15-g7f486f2 (webtiles) character file.

436 Cral the Changer (level 6, 0/54 HPs)
             Began as a Troll Transmuter on June 26, 2017.
             Slain by a kobold
             ... wielding a +1 whip of electrocution
              (14 damage)
             ... on level 7 of the Dungeon.
             The game lasted 00:02:29 (1347 turns).

Cral the Changer (Troll Transmuter)                 Turns: 1347, Time: 00:02:30

Health: 0/54       AC:  5    Str: 19    XL:     6   Next: 68%
Magic:  6/6        EV: 10    Int: 10    God:
Gold:   72         SH:  0    Dex: 11    Spells: 6/7 levels left

rFire    x . .     SeeInvis .     - Unarmed
rCold    + . .     Gourm    +   (no shield)
rNeg     . . .     Faith    .   b - +0 robe
rPois    .         Spirit   .   (helmet restricted)
rElec    .         Reflect  .   (no cloak)
rCorr    .         Harm     .   (gloves unavailable)
MR       .....                  (boots unavailable)
Stlth    +.........             (no amulet)
Regen    0.6/turn               j - ring of ice
MPRegen  0.1/turn               (no ring)

@: lethally poisoned (0 -> -1)
A: unfitting armour, claws 3, fast metabolism 3, gourmand, regeneration 1,
shaggy fur 1, tough skin 2
a: no special abilities


You were on level 7 of the Dungeon.
You were not hungry.

You visited 1 branch of the dungeon, and saw 7 of its levels.

You collected 72 gold pieces.

Inventory:

Missiles
 a - 12 arrows
Armour
 b - a +0 robe (worn)
Jewellery
 j - a ring of ice (left claw)
Scrolls
 e - a scroll of recharging {unknown}
 g - 4 scrolls of identify {unknown}
 h - a scroll of random uselessness {unknown}
 k - a scroll of magic mapping {unknown}
 l - a scroll of amnesia {unknown}
 m - a scroll of remove curse {unknown}
Potions
 i - 2 potions of curing {unknown}
Books
 c - a book of Changes

   Spells                             Type                      Level
   a - Beastly Appendage              Transmutation                1
   b - Sticks to Snakes               Transmutation                2
   c - Spider Form                    Transmutation/Poison         3
   d - Ice Form                       Ice/Transmutation            4
   e - Blade Hands                    Transmutation                5
Comestibles
 d - 4 bread rations
 f - a royal jelly


   Skills:
 - Level 0.7 Fighting
 - Level 1.5 Dodging
 - Level 3.0 Unarmed Combat
 - Level 1.2 Spellcasting
 + Level 5.5 Transmutations


You had 6 spell levels left.
You knew the following spells:

 Your Spells              Type           Power        Failure   Level  Hunger
a - Beastly Appendage     Tmut           ##....       3%          1    ##.....


Dungeon Overview and Level Annotations

Branches:
Dungeon (7/15)
 Temple: D:4-7

Altars:

Shops:
D:4 (   D:5 *


Innate Abilities, Weirdness & Mutations

You are too large for most types of armour.
You have claws for hands.
Your metabolism is lightning-fast.
You like to eat raw meat.
Your natural rate of healing is unusually fast.
You are covered in fur. (AC +1)
You have very tough skin. (AC +2)


Message History

The kobold shouts!
The big kobold hits you but does no damage.
You scratch the big kobold.
The big kobold is lightly wounded.
The big kobold hits you with a dagger of flaming!
The big kobold burns you.
You closely miss the big kobold.
The big kobold is lightly wounded.
You feel sick.
The big kobold hits you with a dagger of flaming.
The big kobold burns you.
Unknown command.
You barely miss the big kobold.
The big kobold is lightly wounded.
The big kobold hits you with a dagger of flaming!
The big kobold burns you. The kobold hits you but does no damage.
The kobold hits you with a whip of electrocution.
* * * LOW HITPOINT WARNING * * *
You are electrocuted!
You die...

#.# ......... #.# #
# ..$......
##.#.#.# ........
..#...# ......#
#...#### #....#
#†####.# #....#
#.#<...#
####..K.####)####.#
#....KK@.(........#
#.....KK.#.########
#........#?....#
#........#####.#
.#######.# #.# #+#


You could see a big kobold and 4 kobolds.

Vanquished Creatures
  An ogre (D:7)
  An orc priest (D:4)
  A centaur skeleton (D:4)
  A gnoll shaman (D:3)
  An orc wizard (D:4)
  3 worker ants
  3 gnolls (D:2)
  6 adders
  An adder zombie (D:5)
  2 dart slugs
  3 leopard geckos
  11 orcs
  6 bats
  2 giant cockroaches
  7 hobgoblins
  3 frilled lizards
  9 goblins
  5 kobolds
  5 rats
71 creatures vanquished.

Notes
Turn   | Place    | Note
-------+----------+-------------------------------------------
     0 | D:1      | Cral the Troll Transmuter began the quest for the Orb.
     0 | D:1      | Reached XP level 1. HP: 18/18 MP: 1/1
   171 | D:1      | Reached skill level 2 in Transmutations
   171 | D:1      | Reached XP level 2. HP: 26/26 MP: 2/2
   608 | D:2      | Reached XP level 3. HP: 27/32 MP: 3/3
   648 | D:2      | Reached skill level 3 in Transmutations
   685 | D:2      | Reached XP level 4. HP: 22/40 MP: 4/4
   899 | D:3      | Reached skill level 4 in Transmutations
   899 | D:3      | Reached XP level 5. HP: 30/46 MP: 5/5
  1101 | D:4      | Found Myory Bosie's Weapon Boutique.
  1115 | D:4      | Reached XP level 6. HP: 39/54 MP: 6/6
  1220 | D:4      | Reached skill level 5 in Transmutations
  1224 | D:5      | Entered Level 5 of the Dungeon
  1262 | D:5      | Found Kadoraud's Assorted Antiques.
  1263 | D:5      | Noticed a sky beast
  1347 | D:7      | Slain by a kobold

Skill      XL: |  1  2  3  4  5  6 |
---------------+-------------------+-----
Transmutations | 2 3 4 5 |  5.5
Fighting       | |  0.7
Dodging        | |  1.5
Unarmed Combat | |  3.0
Spellcasting   | |  1.2

Action                   |  1- 3 |  4- 6 || total
-------------------------+-------+-------++-------
Melee: Unarmed           |   117 |   122 ||   239
       Punch             |     2 |       ||     2
       Headbutt          |       |     4 ||     4
 Cast: Beastly Appendage |       |     1 ||     1
  Eat: Chunk             |     5 |     8 ||    13
Armor: Robe              |    78 |    42 ||   120
Dodge: Dodged            |    95 |    89 ||   184
